 Dungeon Crawl Stone Soup version 0.28.0-1-gb440e238dd (webtiles) character file.

Game seed: 9880684842342204120

975 spaghetti the Chucker (level 7, -4/52 HPs)
             Began as a Mummy Fighter on Feb 20, 2022.
             Was a Follower of Okawaru.
             Slain by an ice beast (7 damage)
             ... on level 6 of the Dungeon.
             The game lasted 00:08:37 (5207 turns).

spaghetti the Chucker (Mummy Fighter)               Turns: 5207, Time: 00:08:38

Health: -4/52      AC:  2    Str: 21    XL:     7   Next: 95%
Magic:  16/16      EV: 10    Int:  9    God:    Okawaru [*.....]
Gold:   268        SH:  5    Dex: 12    Spells: 6/6 levels left

rFire   x . .      SeeInvis .   g - +4 war axe of the Shore {distort, MP+9}
rCold   + . .      Faith    .   c - +1 buckler
rNeg    + + +      Spirit   .   k - +0 robe "Painavel" {Int+2 Archmagi}
rPois   ∞          Reflect  .   (no helmet)
rElec   .          Harm     .   (no cloak)
rCorr   .          Rampage  .   (no gloves)
Will    .....      Archmagi +   (no boots)
Stlth   +.........              (no amulet)
HPRegen 0.17/turn               (no ring)
MPRegen 0.15/turn               (no ring)

@: no status effects
A: cold resistance 1, negative energy resistance 3, torment resistance 2, heat
vulnerability 1, no potions
a: Renounce Religion, Heroism


You were on level 6 of the Dungeon.
You worshipped Okawaru.
Okawaru was aware of your devotion.
You visited 2 branches of the dungeon, and saw 7 of its levels.

You collected 268 gold pieces.

Inventory:

Hand Weapons
 a - a +1 long sword
 g - the +4 war axe of the Shore (weapon) {distort, MP+9}
   (You found it on level 4 of the Dungeon)

   It warps and distorts space around it, and may blink, banish, or inflict
   extra damage upon those it strikes.
   Unwielding it can cause banishment or high damage.
   MP:        It affects your magic capacity (+9).
 h - the +9 trident "Teerier" {pain, +Blink rC- Int+8}
   (You found it on level 4 of the Dungeon)

   In the hands of one skilled in necromantic magic, it inflicts extra damage on
   living creatures.
   Int:       It affects your intelligence (+8).
   rC:        It makes you vulnerable to cold.
   +Blink:    It lets you blink.
Missiles
 d - 84 stones (quivered)
 f - 4 javelins
Armour
 b - a +0 scale mail
 c - a +1 buckler (worn)
 k - the +0 robe "Painavel" (worn) {Int+2 Archmagi}
   (You found it on level 5 of the Dungeon)

   Int:       It affects your intelligence (+2).
   Archmagi:  It increases the power of your magical spells.
Jewellery
 e - an amulet of faith
 m - a ring of see invisible
Wands
 l - a wand of iceblast (7)
Scrolls
 i - a scroll of teleportation
 j - a scroll of amnesia
 n - a scroll of enchant weapon


   Skills:
 - Level 3.2 Fighting
 - Level 3.4 Long Blades
 + Level 4.0 Axes
 + Level 5.2 Throwing
 - Level 2.4 Armour
 - Level 2.4 Shields


You had 6 spell levels left.
You didn't know any spells.
Your spell library was empty.

Dungeon Overview and Level Annotations

Branches:
Dungeon (6/15)             Temple (1/1) D:5

Altars:
Ashenzari
Cheibriados
Elyvilon
Fedhas
Gozag
Hepliaklqana
Kikubaaqudgha
Makhleb
Okawaru
Qazlal
Ru
Sif Muna
Trog
Vehumet
Wu Jian
Xom
Yredelemnul
Zin
The Shining One

Shops:
D:4 *

Annotations:
D:3 Sigmund


Innate Abilities, Weirdness & Mutations

You are immune to poison.
Your flesh is cold resistant. (rC+)
You are immune to negative energy. (rN+++)
You are immune to unholy pain and torment.
You are vulnerable to heat. (rF-)
You do not drink.


Message History

You throw a stone. The stone hits the ice beast.
The ice beast is lightly wounded.
Throw: 86 stones
Press: ? - help, Q - select action, (/) - cycle Shift-Dir - straight line, f/p - ice beast
Aim: an ice beast (lightly wounded, 60% to hit)
You throw a stone.
The stone hits the ice beast but does no damage.
The ice beast is lightly wounded.
Throw: 85 stones
Press: ? - help, Q - select action, (/) - cycle Shift-Dir - straight line, f/p - ice beast
Aim: an ice beast (lightly wounded, 60% to hit)
You throw a stone. The stone hits the ice beast.
The ice beast is moderately wounded.
You can't drink.
Unknown command.
Throw: 6 javelins
Press: ? - help, Shift-Dir - straight line, f/p - ice beast
Aim: an ice beast (moderately wounded, 60% to hit)
You throw a javelin.
The javelin pierces through the ice beast but does no damage.
The ice beast is moderately wounded.
Throw: 5 javelins
Press: ? - help, Shift-Dir - straight line, f/p - ice beast
Aim: an ice beast (moderately wounded, 60% to hit)
You throw a javelin.
The javelin pierces through the ice beast.
The ice beast is moderately wounded.
You barely miss the ice beast.
The ice beast is moderately wounded.
The ice beast hits you. The ice beast freezes you. You resist.
You hit the ice beast.
The ice beast is heavily wounded.
The ice beast blinks!
The ice beast hits you.
* * * LOW HITPOINT WARNING * * *
The ice beast freezes you. You resist.
* * * LOW HITPOINT WARNING * * *
The ice beast hits you.
* * * LOW HITPOINT WARNING * * *
The ice beast freezes you! You resist.
You die...

#.# #.# #......##.##.
##.###.##########
#..(.........
#...............###.#..)..#
#............#............#
#.####.###....#####.)§)...#
###.#
#.##.#.#.#######()##.....
....#
#..........)..((.......##
#####
####.#.#Y.)..(....##.....
##....@§.....(.# #####
##.############ ###


You could see an ice beast.

Vanquished Creatures
  A water moccasin (D:6)
  An ogre (D:5)
  3 scorpions
  2 kobold brigands
  A jelly (D:4)
  3 hounds
  A gnoll shaman (D:6)
  2 iguanas
  An orc wizard (D:6)
  A killer bee zombie (D:6)
  A howler monkey skeleton (D:3)
  6 adders
  6 gnolls (D:6)
  A white imp (D:5)
  2 ufetubi
  2 dart slugs
  3 orcs (D:6)
  4 endoplasms
  4 giant cockroaches
  5 hobgoblins
  7 jackals
  7 kobolds
  2 quokkas
  3 ball pythons
  4 bats
  4 frilled lizards
  4 goblins
  7 rats
88 creatures vanquished.

Vanquished Creatures (others)
  A plant (D:1)
1 creature vanquished.

Grand Total: 89 creatures vanquished

Notes
Turn   | Place    | Note
-------+----------+-------------------------------------------
     0 | D:1      | spaghetti the Mummy Fighter began the quest for the Orb.
     0 | D:1      | Reached XP level 1. HP: 18/18 MP: 1/1
   314 | D:1      | Reached XP level 2. HP: 21/24 MP: 2/2
   573 | D:1      | Reached skill level 1 in Throwing
  1397 | D:2      | Reached XP level 3. HP: 23/29 MP: 3/3
  2168 | D:3      | Noticed a scorpion
  2209 | D:3      | Killed a scorpion
  2210 | D:3      | Reached skill level 2 in Throwing
  2210 | D:3      | Reached XP level 4. HP: 15/35 MP: 4/4
  2549 | D:3      | Reached XP level 5. HP: 41/41 MP: 5/5
  2616 | D:3      | Noticed Sigmund
  2799 | D:4      | Reached skill level 3 in Throwing
  2803 | D:4      | Identified the +4 war axe of the Shore {distort, MP+9}
  3281 | D:4      | Identified the +9 trident "Teerier" {pain, +Blink rC-
                  | Int+8}
  3384 | D:4      | Found Gysiruaf's General Store.
  3414 | D:4      | Reached skill level 1 in Axes
  3414 | D:4      | Reached XP level 6. HP: 47/47 MP: 6/6
  3694 | D:5      | Entered Level 5 of the Dungeon
  3765 | D:5      | Reached skill level 4 in Throwing
  3799 | D:5      | Reached XP level 7. HP: 51/52 MP: 7/7
  3828 | D:5      | Identified the +7 quarterstaff of Yshruuzy {vorpal, rF+ rN+
                  | Will+ Str+3}
  3872 | D:5      | Identified the +0 robe "Painavel" {Int+2 Archmagi}
  3945 | D:5      | Found a staircase to the Ecumenical Temple.
  4388 | Temple   | Entered the Ecumenical Temple
  4616 | Temple   | Became a worshipper of Warmaster Okawaru
  5056 | D:6      | Reached skill level 5 in Throwing
  5174 | D:6      | Reached * piety under Okawaru
  5207 | D:6      | Slain by an ice beast

Illustrated notes

Levels and vault maps discovered:
D:1:      nzn_arrival_settlement, layout_loops_ring, serial_bayou,
          serial_bayou_pond_e, serial_bayou_shore_b, serial_bayou_pond_b,
          serial_bayou_ford_a, minmay_tree_intersection, grunt_decor_junction,
          corner_web_ring, hangedman_decor_clover_reticule
D:2:      layout_basic, minmay_ruptured
D:3:      layout_rooms, uniq_sigmund
D:4:      layout_loops_ring, kennysheep_windowed_goal
D:5:      layout_basic, minmay_temple_entry_stoned_glass
D:6:      layout_loops_ring, lemuel_round_altar, minmay_holes,
          kennysheep_generic_room_14
Temple:   mainiacjoe_temple_bowtie_tessellation

Skill      XL: |  1  2  3  4  5  6  7 |
---------------+----------------------+-----
Long Blades    | 2 3 |  3.4
Throwing       | 1 2 3 4 5 |  5.2
Axes           | 1 2 4 |  4.0
Fighting       | |  3.2
Armour         | |  2.4
Shields        | |  2.4

Action                   |  1- 3 |  4- 6 |  7- 9 || total
-------------------------+-------+-------+-------++-------
Melee: Long sword        |   130 |    28 |       ||   158
       War axe           |       |    43 |    53 ||    96
Throw: Stone             |    15 |    25 |    17 ||    57
       Javelin           |       |       |     2 ||     2
  Use: Scroll            |     4 |     3 |     2 ||     9
Armor: Scale mail        |    66 |    25 |       ||    91
       Robe              |       |       |     8 ||     8
Dodge: Dodged            |    62 |    29 |    14 ||   105
Block: Buckler           |    22 |    19 |    18 ||    59
